| TOP OF THE 1ST |
|
State College Spikes batting - Pitching for Batavia Muckdogs : RHP Ryan Weedon
|
|
Pitching: RHP Ryan Weedon
|
|
|
Batting: RHB Tim Cleary
|
0-0: Ball 1-0: Ball 2-0: Called Strike 2-1: Fly out, F7 (Flyball, 7, EV 97.5 MPH)
|
|
Batting: RHB Kyle Burns
|
0-0: Ball 1-0: Ball 2-0: Called Strike 2-1: Foul Ball, location: 2F 2-2: Ball 3-2: Base on Balls
|
|
Batting: LHB Ignacio Ocampo
|
0-0: Ball 1-0: Ball 2-0: Called Strike 2-1: Fly out, F9 (Flyball, 89M, EV 77.5 MPH)
|
|
Batting: RHB Sam Daw
|
0-0: Ball 1-0: Called Strike 1-1: Ball 2-1: Ball 3-1: Base on Balls Kyle Burns to second
|
|
Batting: SHB Justin Houser
|
0-0: Called Strike 0-1: Fly out, F3 (Popup, 3SF, EV 68.8 MPH)
|
| Top of the 1st over - 0 runs, 0 hits, 0 errors, 2 left on base; State College 0 - Batavia 0 |
| BOTTOM OF THE 1ST |
|
Batavia Muckdogs batting - Pitching for State College Spikes : RHP Derrick Easley
|
|
Pitching: RHP Derrick Easley
|
|
|
Batting: SHB Justin Corbett
|
0-0: Ball 1-0: Called Strike 1-1: Foul Ball, location: 2F 1-2: SINGLE (Groundball, 4S, EV 63.8 MPH) (infield hit)
|
|
Batting: LHB Danny Treto
|
0-0: Ball 1-0: Ball 2-0: Fielders Choice at 2nd, 4-6 (Groundball, 4, EV 80.0 MPH)
|
|
Batting: RHB Reomel Somera
|
0-0: Called Strike 0-1: Foul Ball, location: 2F 0-2: Strikes out swinging
|
|
Batting: RHB Justin Dunham
|
0-0: Ball 1-0: Called Strike 1-1: Swinging Strike 1-2: Fielders Choice at 2nd, 6-4 (Groundball, 6, EV 83.8 MPH)
|
| Bottom of the 1st over - 0 runs, 1 hit, 0 errors, 1 left on base; State College 0 - Batavia 0 |
| TOP OF THE 2ND |
|
State College Spikes batting - Pitching for Batavia Muckdogs : RHP Ryan Weedon
|
|
Batting: LHB Jorge Zarazua
|
0-0: Ball 1-0: Ball 2-0: Fly out, F4 (Line Drive, 4, EV 73.1 MPH)
|
|
Batting: RHB Bobby Miles
|
0-0: Ball 1-0: Called Strike 1-1: SINGLE (Groundball, 6MD, EV 97.5 MPH)
|
|
Batting: RHB Ben Politi
|
0-0: Swinging Strike 0-1: Swinging Strike 0-2: Strikes out swinging
|
|
Batting: SHB Justin Towry
|
0-0: Foul Ball, location: 2F 0-1: Ball 1-1: Swinging Strike 1-2: Ground out 4-3 (Groundball, 34, EV 98.8 MPH)
|
| Top of the 2nd over - 0 runs, 1 hit, 0 errors, 1 left on base; State College 0 - Batavia 0 |
| BOTTOM OF THE 2ND |
|
Batavia Muckdogs batting - Pitching for State College Spikes : RHP Derrick Easley
|
|
Batting: SHB Greg Rivera
|
0-0: Called Strike 0-1: Foul Ball, location: 2F 0-2: Strikes out swinging
|
|
Batting: RHB George Boivin
|
0-0: Ball 1-0: Foul Ball, location: 2F 1-1: Ball 2-1: Called Strike 2-2: Strikes out swinging
|
|
Batting: RHB Andy Kelly
|
0-0: Called Strike 0-1: Ball 1-1: Called Strike 1-2: Foul Ball, location: 2F 1-2: DOUBLE (Groundball, 5L, EV 103.1 MPH)
|
|
Batting: RHB Hiromitsu Yamada
|
0-0: Ball 1-0: Called Strike 1-1: SINGLE (Line Drive, 7S, EV 88.1 MPH) Andy Kelly to third Runner from 3rd tries for Home, SAFE, throw by LF to home
|
|
Batting: RHB Jeremy Dennis
|
0-0: Foul Ball, location: 2F 0-1: Ball 1-1: Called Strike Hiromitsu Yamada steals 2nd base 1-2: Strikes out swinging
|
| Bottom of the 2nd over - 1 run, 2 hits, 0 errors, 1 left on base; State College 0 - Batavia 1 |
| TOP OF THE 3RD |
|
State College Spikes batting - Pitching for Batavia Muckdogs : RHP Ryan Weedon
|
|
Batting: RHB Tim Cleary
|
0-0: Ball 1-0: Called Strike 1-1: Called Strike 1-2: Strikes out looking
|
|
Batting: RHB Kyle Burns
|
0-0: Ball 1-0: Ball 2-0: Called Strike 2-1: Ball 3-1: SINGLE (Line Drive, 89S, EV 106.9 MPH)
|
|
Batting: LHB Ignacio Ocampo
|
0-0: Called Strike 0-1: Called Strike 0-2: Strikes out swinging
|
|
Batting: RHB Sam Daw
|
0-0: Ball 1-0: Called Strike 1-1: Ball 2-1: Foul Ball, location: 2F 2-2: Ball 3-2: Foul Ball, location: 2F 3-2: Strikes out swinging
|
| Top of the 3rd over - 0 runs, 1 hit, 0 errors, 1 left on base; State College 0 - Batavia 1 |
| BOTTOM OF THE 3RD |
|
Batavia Muckdogs batting - Pitching for State College Spikes : RHP Derrick Easley
|
|
Batting: SHB Justin Corbett
|
0-0: SINGLE (Line Drive, 89M, EV 91.9 MPH)
|
|
Batting: LHB Danny Treto
|
0-0: Ball 1-0: Called Strike Justin Corbett steals 2nd base 1-1: Ball 2-1: Swinging Strike 2-2: Ball 3-2: Base on Balls
|
|
Batting: RHB Reomel Somera
|
0-0: Ball 1-0: Ball 2-0: Called Strike 2-1: Ball 3-1: Base on Balls Justin Corbett to third Danny Treto to second
|
|
Batting: RHB Justin Dunham
|
0-0: Called Strike 0-1: Ball 1-1: Swinging Strike 1-2: Ball 2-2: Strikes out swinging
|
|
Batting: SHB Greg Rivera
|
0-0: Ball 1-0: Called Strike 1-1: Fly out, F7 (Line Drive, 7, EV 95.6 MPH) Runner from 3rd tags up, SCORES, throw by LF
|
|
Batting: RHB George Boivin
|
0-0: Called Strike 0-1: Foul Ball, location: 2F 0-2: Ball 1-2: 3-RUN HOME RUN (Flyball, 89XD, EV 104.4 MPH), Distance : 399 ft
|
|
Batting: RHB Andy Kelly
|
0-0: SINGLE (Groundball, 6MD, EV 98.8 MPH)
|
|
Batting: RHB Hiromitsu Yamada
|
Pickoff Throw to First - Out! 1-3 CS
|
| Bottom of the 3rd over - 4 runs, 3 hits, 0 errors, 0 left on base; State College 0 - Batavia 5 |
| TOP OF THE 4TH |
|
State College Spikes batting - Pitching for Batavia Muckdogs : RHP Ryan Weedon
|
|
Batting: SHB Justin Houser
|
0-0: Ball 1-0: Foul Ball, location: 2F 1-1: Foul Ball, location: 2F 1-2: Ball 2-2: Ball 3-2: Ground out 1-3 (Groundball, 13S, EV 70.0 MPH)
|
|
Batting: LHB Jorge Zarazua
|
0-0: Ball 1-0: Swinging Strike 1-1: Foul Ball, location: 2F 1-2: Strikes out swinging
|
|
Batting: RHB Bobby Miles
|
0-0: Ball 1-0: Ball 2-0: Ball 3-0: Called Strike 3-1: Called Strike 3-2: Foul Ball, location: 2F 3-2: Fly out, F4 (Line Drive, 4, EV 70.0 MPH)
|
| Top of the 4th over - 0 runs, 0 hits, 0 errors, 0 left on base; State College 0 - Batavia 5 |
| BOTTOM OF THE 4TH |
|
Batavia Muckdogs batting - Pitching for State College Spikes : RHP Derrick Easley
|
|
Batting: RHB Hiromitsu Yamada
|
0-0: Ball 1-0: Ball 2-0: Ball 3-0: Called Strike 3-1: Fly out, F7 (Line Drive, 78M, EV 108.1 MPH)
|
|
Batting: RHB Jeremy Dennis
|
0-0: Ball 1-0: Called Strike 1-1: Swinging Strike 1-2: Ball 2-2: Foul Ball, location: 2F 2-2: Foul Ball, location: 2F 2-2: Ground out 3-1 (Groundball, 34, EV 80.6 MPH)
|
|
Batting: SHB Justin Corbett
|
0-0: Called Strike 0-1: Foul Ball, location: 2F 0-2: Strikes out swinging
|
| Bottom of the 4th over - 0 runs, 0 hits, 0 errors, 0 left on base; State College 0 - Batavia 5 |
| TOP OF THE 5TH |
|
State College Spikes batting - Pitching for Batavia Muckdogs : RHP Ryan Weedon
|
|
Batting: RHB Ben Politi
|
0-0: Ball 1-0: Ball 2-0: Called Strike 2-1: Swinging Strike 2-2: Strikes out swinging
|
|
Batting: SHB Justin Towry
|
0-0: Ball 1-0: Ball 2-0: Ball 3-0: Base on Balls
|
|
Batting: RHB Tim Cleary
|
0-0: Ball 1-0: Ground out 4-3 (Groundball, 4M, EV 101.9 MPH) Justin Towry to second
|
|
Pitching: RHP Alfonso Mier
|
|
|
Batting: RHB Kyle Burns
|
0-0: Called Strike 0-1: Foul Ball, location: 2F 0-2: Hit by Pitch
|
|
Batting: LHB Ignacio Ocampo
|
0-0: SINGLE (Line Drive, 56D, EV 103.1 MPH) Justin Towry to third Kyle Burns to second Runner from 3rd tries for Home, SAFE, throw by LF to home
|
|
Batting: RHB Sam Daw
|
0-0: Called Strike 0-1: Ball 1-1: Ground out 6-3 (Groundball, 4MS, EV 87.5 MPH)
|
| Top of the 5th over - 1 run, 1 hit, 0 errors, 2 left on base; State College 1 - Batavia 5 |
| BOTTOM OF THE 5TH |
|
Batavia Muckdogs batting - Pitching for State College Spikes : RHP Derrick Easley
|
|
Batting: LHB Danny Treto
|
0-0: Called Strike 0-1: Swinging Strike 0-2: Ball 1-2: Ground out U3 (Groundball, 34, EV 89.4 MPH)
|
|
Batting: RHB Reomel Somera
|
0-0: Swinging Strike 0-1: Ball 1-1: Ball 2-1: SINGLE (Groundball, 4MD, EV 98.8 MPH)
|
|
Batting: RHB Justin Dunham
|
0-0: Ball 1-0: Ball 2-0: Ball 3-0: Called Strike 3-1: Swinging Strike 3-2: Foul Ball, location: 2F 3-2: Base on Balls Reomel Somera to second
|
|
Pitching: RHP Josh Deyo
|
|
|
Batting: SHB Greg Rivera
|
0-0: Ball 1-0: Foul Ball, location: 2F 1-1: Called Strike 1-2: Ball 2-2: Foul Ball, location: 2F 2-2: Strikes out swinging
|
|
Batting: RHB George Boivin
|
0-0: Called Strike 0-1: Ball 1-1: Swinging Strike 1-2: Ball 2-2: Strikes out looking
|
| Bottom of the 5th over - 0 runs, 1 hit, 0 errors, 2 left on base; State College 1 - Batavia 5 |
| TOP OF THE 6TH |
|
State College Spikes batting - Pitching for Batavia Muckdogs : RHP Alfonso Mier
|
|
Batting: SHB Justin Houser
|
0-0: Called Strike 0-1: Swinging Strike 0-2: Ball 1-2: Strikes out swinging
|
|
Batting: LHB Jorge Zarazua
|
0-0: Ball 1-0: Ball 2-0: Ball 3-0: Base on Balls
|
|
Batting: RHB Bobby Miles
|
0-0: Grounds into double play, U3-6 (Groundball, 3L, EV 76.9 MPH)
|
| Top of the 6th over - 0 runs, 0 hits, 0 errors, 0 left on base; State College 1 - Batavia 5 |
| BOTTOM OF THE 6TH |
|
Batavia Muckdogs batting - Pitching for State College Spikes : RHP Josh Deyo
|
|
Batting: RHB Andy Kelly
|
0-0: Foul Ball, location: 2F 0-1: Ground out U3 (Groundball, 34, EV 82.5 MPH)
|
|
Batting: RHB Hiromitsu Yamada
|
0-0: Called Strike 0-1: Hit by Pitch
|
|
Batting: RHB Jeremy Dennis
|
0-0: Ball 1-0: SINGLE (Groundball, 6MD, EV 98.8 MPH) Hiromitsu Yamada to second
|
|
Batting: SHB Justin Corbett
|
0-0: Ball 1-0: Ball Hiromitsu Yamada is caught stealing 3rd base 2-5 Jeremy Dennis to second 2-0: Ball 3-0: Base on Balls
|
|
Batting: LHB Danny Treto
|
0-0: Called Strike 0-1: Called Strike 0-2: Ball 1-2: Foul Ball, location: 2F 1-2: Ground out 4-3 (Groundball, 4S, EV 87.5 MPH)
|
| Bottom of the 6th over - 0 runs, 1 hit, 0 errors, 2 left on base; State College 1 - Batavia 5 |
| TOP OF THE 7TH |
|
State College Spikes batting - Pitching for Batavia Muckdogs : RHP Alfonso Mier
|
|
Batting: RHB Ben Politi
|
0-0: Ball 1-0: Ball 2-0: Ball 3-0: Base on Balls
|
|
Batting: SHB Justin Towry
|
0-0: Ball 1-0: Ball Ben Politi steals 2nd, throwing error, E2 Ben Politi to third 2-0: Ball 3-0: Base on Balls
|
|
Pinch Hitting: RHB Joe LaDue
|
0-0: Ball 1-0: Ball 2-0: Swinging Strike 2-1: Ball 3-1: Base on Balls Justin Towry to second
|
|
Batting: RHB Kyle Burns
|
0-0: Foul Ball, location: 2F 0-1: Ball 1-1: Ball 2-1: Swinging Strike 2-2: Strikes out swinging
|
|
Batting: LHB Ignacio Ocampo
|
0-0: Called Strike 0-1: Ball 1-1: Ball 2-1: Swinging Strike 2-2: Strikes out swinging
|
|
Batting: RHB Sam Daw
|
0-0: Called Strike 0-1: Fly out, F7 (Flyball, 7LM, EV 95.0 MPH)
|
| Top of the 7th over - 0 runs, 0 hits, 1 error, 3 left on base; State College 1 - Batavia 5 |
| BOTTOM OF THE 7TH |
|
Batavia Muckdogs batting - Pitching for State College Spikes : RHP Josh Deyo
|
|
Now at SS: Joe LaDue
|
|
|
Batting: RHB Reomel Somera
|
0-0: Called Strike 0-1: Foul Ball, location: 2F 0-2: Ball 1-2: Ground out 4-3 (Groundball, 4, EV 85.6 MPH)
|
|
Batting: RHB Justin Dunham
|
0-0: Ground out 4-3 (Groundball, 34D, EV 76.2 MPH)
|
|
Pitching: RHP Howie Seidler
|
|
|
Batting: SHB Greg Rivera
|
0-0: Called Strike 0-1: Foul Ball, location: 2F 0-2: Ball 1-2: Foul Ball, location: 2F 1-2: Ball 2-2: Ball 3-2: Foul Ball, location: 2F 3-2: Foul Ball, location: 2F 3-2: Foul Ball, location: 2F 3-2: Fly out, F9 (Flyball, 89S, EV 90.6 MPH)
|
| Bottom of the 7th over - 0 runs, 0 hits, 0 errors, 0 left on base; State College 1 - Batavia 5 |
| TOP OF THE 8TH |
|
State College Spikes batting - Pitching for Batavia Muckdogs : RHP Alfonso Mier
|
|
Batting: SHB Justin Houser
|
0-0: Ball 1-0: SINGLE (Groundball, 23, EV 65.6 MPH) (infield hit)
|
|
Batting: LHB Jorge Zarazua
|
0-0: Foul Ball, location: 2F 0-1: Foul Ball, location: 2F 0-2: Ball 1-2: Ball 2-2: Ball 3-2: Strikes out swinging
|
|
Pitching: LHP Will Sledge
|
|
|
Batting: RHB Bobby Miles
|
0-0: Ball 1-0: Ball 2-0: Ball 3-0: Called Strike 3-1: TRIPLE (Line Drive, 89XD, EV 102.5 MPH) Justin Houser scores
|
|
Batting: RHB Ben Politi
|
0-0: Ball 1-0: Ball 2-0: Ball 3-0: Called Strike 3-1: Foul Ball, location: 2F 3-2: Base on Balls
|
|
Batting: SHB Justin Towry
|
|
|
Pinch Hitting: RHB Chris Norris
|
0-0: Called Strike 0-1: Swinging Strike 0-2: Ball 1-2: Strikes out swinging
|
|
Batting: RHB Joe LaDue
|
0-0: Foul Ball, location: 2F 0-1: Ball 1-1: Called Strike 1-2: Ball 2-2: Ball 3-2: Foul Ball, location: 2F 3-2: Strikes out looking
|
| Top of the 8th over - 1 run, 2 hits, 0 errors, 2 left on base; State College 2 - Batavia 5 |
| BOTTOM OF THE 8TH |
|
Batavia Muckdogs batting - Pitching for State College Spikes : RHP Howie Seidler
|
|
Now at 2B: Joe LaDue
|
|
|
Now at SS: Chris Norris
|
|
|
Batting: RHB George Boivin
|
0-0: Ball 1-0: Foul Ball, location: 2F 1-1: SINGLE (Groundball, 6M, EV 104.4 MPH) (infield hit)
|
|
Batting: RHB Andy Kelly
|
0-0: Called Strike 0-1: Ball George Boivin steals 2nd base 1-1: Swinging Strike 1-2: Ball 2-2: Strikes out swinging
|
|
Batting: RHB Hiromitsu Yamada
|
0-0: Intentional Walk
|
|
Batting: RHB Jeremy Dennis
|
0-0: Ball 1-0: Called Strike 1-1: Called Strike 1-2: Strikes out swinging
|
|
Batting: SHB Justin Corbett
|
0-0: Called Strike 0-1: Ground out 1-3 (Groundball, 13, EV 67.5 MPH)
|
| Bottom of the 8th over - 0 runs, 1 hit, 0 errors, 2 left on base; State College 2 - Batavia 5 |
| TOP OF THE 9TH |
|
State College Spikes batting - Pitching for Batavia Muckdogs : LHP Will Sledge
|
|
Pitching: RHP Glen Patterson
|
|
|
Batting: RHB Kyle Burns
|
0-0: Called Strike 0-1: Ball 1-1: Ball 2-1: Called Strike 2-2: Ground out 6-3 (Groundball, 4MS, EV 69.4 MPH)
|
|
Batting: LHB Ignacio Ocampo
|
0-0: Ball 1-0: Foul Ball, location: 2F 1-1: Foul Ball, location: 2F 1-2: Foul Ball, location: 2F 1-2: Strikes out swinging
|
|
Batting: RHB Sam Daw
|
0-0: Called Strike 0-1: Swinging Strike 0-2: Strikes out looking
|
| Top of the 9th over - 0 runs, 0 hits, 0 errors, 0 left on base; State College 2 - Batavia 5 |
|